cohdb
Replays
Latest Replays
All Replays
Popular Replays
Top Player Replays
Match Explorer
How It Works
Community
CoH3 Stats
Reddit
Sign in to upload your games and track your stats! →
Sign in with Steam
Match 42082295
Unlisted
Match 42082295
Overview
Messages
Build Orders
End
Construct Infanterie Kompanie
Selects Breakthrough Battlegroup
Selects Assault Grenadiers
Grenadier Squad
MG 42 Machine Gun Team
Grenadier Squad
Construct Panzergrenadier Kompanie
251 Medium Carrier
Selects Rapid Production
Selects Breakthrough
Panzergrenadier Squad
Selects Breakthrough
Pak 40 Anti-tank Gun Team
an interesting name
drekirsab.selfcare
DibbeTC
Mad Mac
0
0
Comments
sign in to comment!
No comments posted yet!